 Dungeon Sprint DCSS version 0.20.1-1-g8b1a95d (webtiles) character file.

1056 mmigdal the Fighter (level 8, 0/74 HPs)
             Began as a Demonspawn Abyssal Knight on Oct 29, 2017.
             Was a Priest of Lugonu.
             Succumbed to an orange demon's poison
             ... in the Dungeon (Sprint I: "Red Sonja").
             The game lasted 00:07:01 (1537 turns).

mmigdal the Fighter (Demonspawn Abyssal Knight)     Turns: 1537, Time: 00:07:01

Health: 0/74       AC:  9    Str: 16    XL:     8   Next: 6%
Magic:  10/11      EV: 13    Int: 13    God:    Lugonu [***...]
Gold:   412        SH:  0    Dex: 12    Spells: 7/7 levels left

rFire    . . .     SeeInvis .   a - +1 falchion
rCold    . . .     Gourm    .   (no shield)
rNeg     . . .     Faith    .   k - +0 ring mail
rPois    .         Spirit   .   (no helmet)
rElec    .         Reflect  .   (no cloak)
rCorr    .         Harm     .   (no gloves)
MR       .....     NoTele   +   (no boots)
Stlth    +.........             (no amulet)
Regen    0.3/turn               (no ring)
MPRegen  0.2/turn               (no ring)

@: lethally poisoned (0 -> -7), berserk cooldown, slowed, very slow
A: talons 1, thin metallic scales 2, demonic guardian 1, powered by death 1
a: Bend Space, Banish, Renounce Religion


You were in the Dungeon.
You worshipped Lugonu.
Lugonu was most pleased with you.
You were not hungry.

You visited 1 branch You collected 412 gold pieces.

Inventory:

Hand Weapons
 a - a +1 falchion (weapon)
Missiles
 c - 18 stones (quivered)
Armour
 b - a +0 leather armour
 k - a +0 ring mail (worn)
Wands
 j - a wand of random effects (34/48)
Scrolls
 i - a scroll of blinking
Potions
 f - a potion of haste
 g - 2 potions of magic
Comestibles
 d - 6 chunks of flesh


   Skills:
 + Level 10.9 Fighting
 + Level 8.4 Long Blades
 + Level 8.4 Armour
 + Level 4.5 Dodging
 + Level 2.2 Stealth
 + Level 5.0 Invocations


You had 7 spell levels left.
You didn't know any spells.

Dungeon Overview and Level Annotations

Branches:
Dungeon (1/1)

Altars:
Cheibriados
Dithmenos
Elyvilon
Fedhas
Gozag
Hepliaklqana
Kikubaaqudgha
Makhleb
Nemelex Xobeh
Okawaru
Qazlal
Ru
Sif Muna
Trog
Uskayaw
Vehumet
Xom
Yredelemnul
Zin
The Shining One
Jiyva
Lugonu

Shops:
D %


Innate Abilities, Weirdness & Mutations

You have sharp toenails.
You are mostly covered in thin metallic scales. (AC +3)
A weak demonic guardian rushes to your aid.
You regenerate a little health from kills.


Message History

You feel sick.
Unknown command.
You start resting.
You feel a strong urge to attack something.
You feel sick.
You start resting.
You are no longer berserk.
You are exhausted.
You feel yourself slow down.
You feel sick.
You start resting.
* * * LOW HITPOINT WARNING * * *
You feel sick.
There is a lethal amount of poison in your body!
You aren't quite hungry enough to eat that!
* * * LOW HITPOINT WARNING * * *
You feel sick. Space bends sharply around you!
You blink.
* * * LOW HITPOINT WARNING * * *
You feel sick.
You die...

##########################
#<.#..').#..'@.#__#..)...#
#..)..#..'..#..'..5..#§3.#
#..#####'#####'#__#### ..+
#..####..#...#.#### ##
#..#__####..##.#
#..#_____##'#..+
#⌠⌠#_.∩...'..._#
####_..__##_.#'#
#_____###+#)#


You could see a friendly ufetubus.

Vanquished Creatures
  A kobold demonologist (D)
  A slime creature (D)
  Sigmund (D)
  A yak (D)
  A floating eye (D)
  An ogre (D)
  A jelly (D)
  Ijyb (D)
8 creatures vanquished.

Vanquished Creatures (collateral kills)
  A kobold demonologist (D)
1 creature vanquished.

Vanquished Creatures (others)
  2 hornets (D)
2 creatures vanquished.

Grand Total: 11 creatures vanquished

Notes
Turn   | Place    | Note
-------+----------+-------------------------------------------
     0 | D        | mmigdal the Demonspawn Abyssal Knight began the quest for the Orb.
     0 | D        | Reached XP level 1. HP: 18/18 MP: 2/2
     2 | D        | Noticed Ijyb
    21 | D        | Killed Ijyb
    21 | D        | Reached skill level 5 in Fighting
    21 | D        | Reached skill level 1 in Dodging
    21 | D        | Gained mutation: You regenerate a little health from kills. [demonic ancestry]
    21 | D        | Reached XP level 2. HP: 15/27 MP: 2/4
   149 | D        | Noticed an ogre
   158 | D        | Killed an ogre
   158 | D        | Reached ** piety under Lugonu
   158 | D        | Reached skill level 6 in Fighting
   158 | D        | Reached XP level 3. HP: 26/35 MP: 5/5
   158 | D        | Gained mutation: A weak demonic guardian rushes to your aid. [demonic ancestry]
   158 | D        | Reached XP level 4. HP: 30/41 MP: 6/6
   226 | D        | Noticed Sigmund
   256 | D        | HP: 1/41 [Sigmund/puff of flame (10)]
   262 | D        | Killed Sigmund
   262 | D        | Reached skill level 8 in Fighting
   262 | D        | Reached skill level 5 in Long Blades
   262 | D        | Reached skill level 5 in Armour
   262 | D        | Gained mutation: You are partially covered in thin metallic scales. (AC +2) [demonic ancestry]
   262 | D        | Reached XP level 5. HP: 2/50 MP: 6/8
   787 | D        | Found a burning altar of Makhleb.
   787 | D        | Found a viscous altar of Jiyva.
   787 | D        | Found a shimmering altar of Xom.
   787 | D        | Found a corrupted altar of Lugonu.
   787 | D        | Noticed a slime creature
   799 | D        | Killed a slime creature
   799 | D        | Reached skill level 9 in Fighting
   799 | D        | Gained mutation: You have sharp toenails. [demonic ancestry]
   799 | D        | Reached XP level 6. HP: 22/58 MP: 9/9
  1052 | D        | Killed a hornet
  1085 | D        | Killed a hornet
  1107 | D        | Found a deep blue altar of Sif Muna.
  1109 | D        | Found a radiant altar of Vehumet.
  1331 | D        | Found Fempoblyf's Food Emporium.
  1331 | D        | Found an ancient bone altar of Kikubaaqudgha.
  1331 | D        | Found a hazy altar of Hepliaklqana.
  1331 | D        | Found a stormy altar of Qazlal.
  1331 | D        | Found a hide-covered altar of Uskayaw.
  1331 | D        | Found a blossoming altar of Fedhas.
  1331 | D        | Found a bloodstained altar of Trog.
  1331 | D        | Found an iron altar of Okawaru.
  1331 | D        | Found a basalt altar of Yredelemnul.
  1331 | D        | Found a glowing golden altar of the Shining One.
  1331 | D        | Found a snail-covered altar of Cheibriados.
  1331 | D        | Found a sacrificial altar of Ru.
  1331 | D        | Found a glowing silver altar of Zin.
  1331 | D        | Found a shadowy altar of Dithmenos.
  1331 | D        | Found a white marble altar of Elyvilon.
  1331 | D        | Noticed a yak
  1342 | D        | Killed a yak
  1342 | D        | Reached *** piety under Lugonu
  1472 | D        | Found an opulent altar of Gozag.
  1473 | D        | Found a sparkling altar of Nemelex Xobeh.
  1497 | D        | Noticed a kobold demonologist
  1497 | D        | Noticed a floating eye
  1498 | D        | Noticed a kobold demonologist
  1500 | D        | Noticed an orange demon
  1500 | D        | Killed a floating eye
  1500 | D        | Reached skill level 10 in Fighting
  1500 | D        | Reached skill level 1 in Stealth
  1500 | D        | Reached skill level 5 in Invocations
  1500 | D        | Reached XP level 7. HP: 66/66 MP: 10/10
  1509 | D        | Killed a kobold demonologist
  1511 | D        | Noticed a neqoxec
  1523 | D        | Noticed an orange demon
  1530 | D        | Killed a kobold demonologist
  1530 | D        | Gained mutation: You are mostly covered in thin metallic scales. (AC +3) [demonic ancestry]
  1530 | D        | Reached XP level 8. HP: 11/74 MP: 11/11
  1536 | D        | HP: 2/74 [poisoned by an orange demon]
  1537 | D        | Succumbed to an orange demon's poison

Skill      XL: |  1  2  3  4  5  6  7 |
---------------+----------------------+-----
Fighting       | 5 6 8 9 10 | 10.9
Long Blades    | 3 4 5 6 7 8 |  8.4
Armour         | 2 3 5 7 8 |  8.4
Dodging        | 1 2 3 4 |  4.5
Invocations    | 3 4 5 |  5.0
Stealth        | 1 2 |  2.2

Action                   |  1- 3 |  4- 6 |  7- 9 || total
-------------------------+-------+-------+-------++-------
Melee: Falchion          |    26 |    38 |    22 ||    86
       Kick              |       |     8 |     7 ||    15
Invok: Bend Space        |       |       |     1 ||     1
  Use: Potion            |       |     2 |     1 ||     3
  Eat: Bread ration      |       |     1 |       ||     1
Armor: Leather armour    |     2 |       |       ||     2
       Ring mail         |     1 |     6 |     8 ||    15
Dodge: Dodged            |    16 |    15 |     9 ||    40
       Rpst.: Falchion   |     4 |     4 |       ||     8
